 Dungeon Crawl Stone Soup version 0.29-a0-389-gd8082fcd2d (webtiles) character file.

Game seed: 5008385903457353719

1 Bruhh the Stinger (level 1, 0/13 HPs)
             Began as a Demonspawn Venom Mage on May 8, 2022.
             Slain by a goblin
             ... wielding a +0 club
              (4 damage)
             ... on level 1 of the Dungeon.
             The game lasted 00:00:38 (54 turns).

Bruhh the Stinger (Demonspawn Venom Mage)             Turns: 54, Time: 00:00:38

Health: 0/13       AC:  2    Str:  8    XL:     1   Next: 16%
Magic:  0/3        EV: 12    Int: 16    God:
Gold:   12         SH:  0    Dex: 13    Spells: 3/4 levels left

rFire   . . .      SeeInvis .   (no weapon)
rCold   . . .      Faith    .   (no shield)
rNeg    . . .      Spirit   .   a - +0 robe
rPois   .          Reflect  .   (no helmet)
rElec   .          Harm     .   (no cloak)
rCorr   .          Rampage  .   (no gloves)
Will    .....                   (no boots)
Stlth   ++........              (no amulet)
HPRegen 0.04/turn               (no ring)
MPRegen 0.08/turn               (no ring)

@: no status effects
A: no striking features
a: no special abilities


You were on level 1 of the Dungeon.
You visited 1 branch of the dungeon, and saw 1 of its levels.

You collected 12 gold pieces.

Inventory:

Armour
 a - a +0 robe (worn)
Potions
 b - a potion of magic


   Skills:
 - Level 1.7 Dodging
 - Level 1.7 Stealth
 + Level 2.0 Spellcasting
 - Level 0.8 Transmutations
 + Level 3.0 Poison Magic


You had 3 spell levels left.
You knew the following spells:

 Your Spells              Type           Power      Damage    Failure   Level
a - Sting                 Tmut/Pois      28%        1d4       10%         1

Your spell library contained the following spells:

 Spells                   Type           Power      Damage    Failure   Level
 Poisonous Vapours        Pois/Air       12%        N/A       17%         2
 Mephitic Cloud           Conj/Pois/Air  4%         N/A       38%         3
 Olgreb's Toxic Radiance  Pois           11%        N/A       52%         4


Dungeon Overview and Level Annotations

Branches:
Dungeon (1/15)

Altars:


Message History

You can't see any susceptible monsters within range! (Use Z to cast anyway.)
You can't see any susceptible monsters within range! (Use Z to cast anyway.)
A goblin comes into view. It is wielding a +0 club.
Found 14 gold pieces.
The sting misses the quokka.
The quokka closely misses you.
The sting misses the quokka.
The quokka closely misses you.
The sting hits the quokka.
The quokka is poisoned.
The quokka is moderately wounded.
The quokka barely misses you.
You are too depleted to draw on your mana recklessly!
You are too depleted to draw on your mana recklessly!
Unknown command.
The quokka misses you. The quokka attacks as you move away!
The quokka bites you. The quokka attacks as you move away!
The quokka barely misses you.
You kill the quokka!
There is a large open door here.
There is a large open door here.
Why would you want to do that?
Casting: Sting (safe; 10% risk of failure)
Confirm with . or Enter, or press ? or * to list all spells.
Aiming: Sting (safe; 10% risk of failure)
Press: ? - help, Shift-Dir - straight line, f - goblin
Aim: a goblin, wielding a +0 club (60% to hit)
The sting misses the goblin.
The goblin closely misses you. The goblin attacks as you move away!
The goblin hits you with a +0 club. The goblin attacks as you move away!
The goblin misses you. The goblin attacks as you move away!
The goblin hits you with a +0 club.
Casting: Sting (safe; 10% risk of failure)
Confirm with . or Enter, or press ? or * to list all spells.
Aiming: Sting (safe; 10% risk of failure)
Press: ? - help, Shift-Dir - straight line, f/p - goblin
Aim: a goblin, wielding a +0 club (60% to hit)
The sting hits the goblin.
The goblin is poisoned.
The goblin is heavily wounded.
The goblin hits you with a +0 club.
You miss the goblin.
The goblin is heavily wounded.
The goblin hits you with a +0 club.
You die...

.. .( #### .....
.## #<.# .....
..#####''###
.....##..##......#
.........##.≈≈≈≈.#
........##.≈≈≈≈.#
##.....##.g@...#
#.......###''###
#.###......## #..#
#.....#....####''#
..B..............#
.........#########
......##.# ......
... $.... ##...


You could see a goblin (poisoned).

Vanquished Creatures
  A quokka (D:1)
1 creature vanquished.

Notes
Turn   | Place    | Note
-------+----------+-------------------------------------------
     0 | D:1      | Bruhh the Demonspawn Venom Mage began the quest for the
                  | Orb.
     0 | D:1      | Reached XP level 1. HP: 13/13 MP: 3/3
    54 | D:1      | Slain by a goblin

Illustrated notes

Levels and vault maps discovered:
D:1:      lightli_arrival_lavapool, layout_rooms,
          chequers_ecumenical_altar_island, minmay_ruptured

Action                   || total
-------------------------++-------
Melee: Unarmed           ||     1
 Cast: Sting             ||     5
Dodge: Dodged            ||     7

Table legend: (Time is in decaauts)
 A = Elapsed time spent in this place.
 B = Non-inter-level travel time spent in this place.
 C = Inter-level travel time spent in this place.
 D = Time resting spent in this place.
 E = Time spent auto-exploring this place.
 F = Levels seen in this place.
 G = Mean time per level.
                   A        B        C        D        E       F      G
               +--------+--------+--------+--------+--------+-----+--------+
         Total |     54 |     54 |      0 |      0 |     22 |   1 |   54.0 |
       Dungeon |     54 |     54 |      0 |      0 |     22 |   1 |   54.0 |
               +--------+--------+--------+--------+--------+-----+--------+

Top non-repeatable levels by time:
     D:1: 54 daAuts
